 Dungeon Crawl Stone Soup version 0.27-a0-1308-gc08437e49b (webtiles) character file.

Game seed: 4491195982383629269

101 leviel the Chopper (level 4, 0/38 HPs)
             Began as a Draconian Berserker on June 18, 2021.
             Was a Believer of Trog.
             Slain by a gnoll (9 damage)
             ... on level 3 of the Dungeon.
             The game lasted 00:01:31 (1874 turns).

leviel the Chopper (Draconian Berserker)            Turns: 1874, Time: 00:01:32

Health: 0/38       AC:  6    Str: 21    XL:     4   Next: 48%
Magic:  4/4        EV: 12    Int:  7    God:    Trog [**....]
Gold:   126        SH:  0    Dex: 10    Spells: 3/3 levels left

rFire    . . .     SeeInvis .   a - +0 hand axe
rCold    . . .     Faith    .   (no shield)
rNeg     . . .     Spirit   .   (armour unavailable)
rPois    .         Reflect  .   (helmet restricted)
rElec    .         Harm     .   i - +0 cloak
rCorr    .         Rampage  .   (no gloves)
Will     .....                  (no boots)
Stlth    +.........             (no amulet)
HPRegen  0.12/turn              (no ring)
MPRegen  0.09/turn              (no ring)

@: no status effects
A: AC +5, unfitting armour, cold-blooded
a: Renounce Religion, Berserk, Trog's Hand


You were on level 3 of the Dungeon.
You worshipped Trog.
Trog was pleased with you.
You visited 1 branch of the dungeon, and saw 3 of its levels.

You collected 126 gold pieces.

Inventory:

Hand Weapons
 a - a +0 hand axe (weapon)
Armour
 i - a +0 cloak (worn)
Scrolls
 b - a scroll of immolation {unknown}
 c - 2 scrolls of identify {unknown}
 d - a scroll of fear {unknown}
 h - a scroll of enchant weapon {unknown}
 j - a scroll of torment {unknown}
Potions
 e - a potion of flight {unknown}
 f - 2 potions of attraction {unknown}
 g - a potion of haste {unknown}
 k - a potion of might {unknown}


   Skills:
 + Level 3.4 Fighting
 + Level 5.1 Axes
 + Level 2.8 Dodging


You had 3 spell levels left.
You didn't know any spells.
Your spell library was empty.

Dungeon Overview and Level Annotations

Branches:
Dungeon (3/15)

Altars:

Annotations:
D:2 1 runed translucent door, Crazy Yiuf


Innate Abilities, Weirdness & Mutations

Your plain brown scales are hard. (AC +5)
You cannot fit into any form of body armour.
You are cold-blooded and may be slowed by cold attacks.


Message History

The gnoll hits you with a +0 flail!
You closely miss the gnoll. You tail-slap the gnoll.
The gnoll is heavily wounded.
The gnoll barely misses you.
You closely miss the gnoll.
The gnoll is heavily wounded.
The gnoll closely misses you.
You hit the gnoll.
The gnoll is heavily wounded.
The gnoll closely misses you.
You closely miss the gnoll.
You tail-slap the gnoll, but do no damage.
The gnoll is heavily wounded.
The gnoll hits you with a +0 flail.
You barely miss the gnoll.
The gnoll is heavily wounded.
The gnoll hits you with a +0 flail.
You hit the gnoll.
The gnoll is severely wounded.
The gnoll hits you with a +0 flail.
You slash the gnoll!
You kill the gnoll!
Trog accepts your kill.
You hit the gnoll.
The gnoll is moderately wounded.
The gnoll hits you with a +0 flail.
* * * LOW HITPOINT WARNING * * *
You hit the gnoll but do no damage.
You tail-slap the gnoll, but do no damage.
The gnoll is moderately wounded.
The gnoll barely misses you.
You hit the gnoll but do no damage.
The gnoll is moderately wounded.
The gnoll closely misses you.
You closely miss the gnoll.
The gnoll is moderately wounded.
The gnoll hits you with a +0 flail.
* * * LOW HITPOINT WARNING * * *
The gnoll hits you with a +0 flail!
You die...

# #### .# ... ..
####.# .. #.<..# .#
###.######..#.##
#.)../.)@gg....#
.>......#####.###.#
<.....##.. ..
##...# ###. ##
#..$. .# #... #
#...


You could see a gnoll and a hobgoblin.

Vanquished Creatures
  Jessica (D:2)
  2 gnolls (D:3)
  A worm (D:2)
  A dart slug (D:2)
  2 ball pythons
  3 endoplasms
  A giant cockroach (D:1)
  12 goblins
  8 hobgoblins
  3 kobolds
  3 quokkas
  A bat (D:1)
  3 frilled lizards
  5 rats (D:1)
46 creatures vanquished.

Notes
Turn   | Place    | Note
-------+----------+-------------------------------------------
     0 | D:1      | leviel the Draconian Berserker began the quest for the Orb.
     0 | D:1      | Reached XP level 1. HP: 19/19 MP: 1/1
   311 | D:1      | Found a faded altar of an unknown god.
   398 | D:1      | Reached XP level 2. HP: 26/26 MP: 2/2
   657 | D:1      | Reached skill level 4 in Axes
   836 | D:2      | Reached ** piety under Trog
   840 | D:2      | Reached XP level 3. HP: 28/31 MP: 3/3
   997 | D:2      | Noticed Jessica
  1007 | D:2      | Killed Jessica
  1252 | D:2      | Reached XP level 4. HP: 36/38 MP: 4/4
  1260 | D:2      | Reached skill level 5 in Axes
  1783 | D:2      | Found a runed translucent door.
  1784 | D:2      | Noticed Crazy Yiuf
  1874 | D:3      | Slain by a gnoll

Illustrated notes

Levels and vault maps discovered:
D:1:      lightli_arrival_windingriver, layout_rooms,
          hellmonk_ecumenical_altar_zigzags
D:2:      layout_rooms, minmay_goblin_kobold_house, uniq_crazy_yiuf_cottage,
          uniq_jessica
D:3:      layout_rooms, st_stairs_11

Skill      XL: |  1  2  3  4 |
---------------+-------------+-----
Axes           | 4 5 |  5.1
Fighting       | |  3.4
Dodging        | |  2.8

Action                   |  1- 3 |  4- 6 || total
-------------------------+-------+-------++-------
Melee: Hand axe          |    94 |    41 ||   135
       Tailslap          |     5 |     9 ||    14
Invok: Berserk           |     1 |       ||     1
Armor: Skin              |    25 |     4 ||    29
Dodge: Dodged            |    53 |    22 ||    75

Table legend: (Time is in decaauts)
 A = Elapsed time spent in this place.
 B = Non-inter-level travel time spent in this place.
 C = Inter-level travel time spent in this place.
 D = Time resting spent in this place.
 E = Time spent auto-exploring this place.
 F = Levels seen in this place.
 G = Mean time per level.
                   A        B        C        D        E       F      G
               +--------+--------+--------+--------+--------+-----+--------+
         Total |   1898 |   1801 |     97 |    246 |   1264 |   3 |  632.7 |
       Dungeon |   1898 |   1801 |     97 |    246 |   1264 |   3 |  632.7 |
               +--------+--------+--------+--------+--------+-----+--------+

Top non-repeatable levels by time:
     D:2: 1064 daAuts
     D:1: 794 daAuts
     D:3: 39 daAuts
